 Dungeon Crawl Stone Soup version 0.18.1-50-g88ac8fd (webtiles) character file.

153 go0n the Skirmisher (level 5, -2/34 HPs)
             Began as a Gargoyle Fighter on Sept 25, 2016.
             Was an Initiate of Trog.
             Slain by a mummy (5 damage)
             ... in an ossuary.
             The game lasted 00:09:05 (2664 turns).

go0n the Skirmisher (Gargoyle Fighter)              Turns: 2664, Time: 00:09:06

Health: -2/34      AC: 13    Str: 20    XL:     5   Next: 35%
Magic:  5/5        EV:  7    Int: 14    God:    Trog [......]
Gold:   252        SH:  9    Dex:  9    Spells: 0 memorised, 4 levels left

rFire  . . .     SeeInvis .     m - +0 whip
rCold  . . .     Gourm    .     b - +0 scale mail
rNeg   + + .     Faith    .     c - +0 shield
rPois  ∞         Spirit   .     q - +0 helmet
rElec  +         Dismiss  .     J - +0 cloak
rCorr  .         Reflect  .     (no gloves)
SustAt .         Harm     .     (no boots)
MR     .....                    p - amulet of regeneration
Stlth  ..........               G - ring of positive energy
                                t - +5 ring of intelligence

@: not resistant to hostile enchantments, extremely unstealthy
A: negative energy resistance 1, electricity resistance, unbreathing,
petrification resistance, rot immunity, AC +4
a: Burn Spellbooks, Renounce Religion


You were in an ossuary.
You worshipped Trog.
Trog was noncommittal.
You were not hungry.

You visited 1 branch of the dungeon, and saw 4 of its levels.
You also visited: Ossuary.

You collected 252 gold pieces.

Inventory:

Hand Weapons
 a - a +0 flail
 e - a +0 short sword
 m - a +0 whip (weapon)
 w - a +0 falchion
Missiles
 n - a throwing net (quivered)
Armour
 b - a +0 scale mail (worn)
 c - a +0 shield (worn)
 h - a +0 scale mail
 j - a +0 leather armour
 q - a +0 helmet (worn)
 s - a +0 ring mail
 J - a +0 cloak (worn)
Jewellery
 p - an amulet of regeneration (around neck)
 t - a +5 ring of intelligence (left hand)
 G - a ring of positive energy (right hand)
 K - an uncursed amulet of dismissal
Scrolls
 l - a scroll of amnesia {unknown}
 o - 4 scrolls of identify
 v - 4 scrolls of remove curse
 x - a scroll of teleportation {unknown}
 y - a scroll of random uselessness {unknown}
 A - a scroll of enchant weapon {unknown}
 D - a scroll of noise {unknown}
 H - a scroll of fear {unknown}
 I - a scroll of magic mapping {unknown}
Potions
 d - a potion of might
 g - 4 potions of curing
 k - a potion of invisibility
 r - a potion of brilliance {unknown}
 B - 3 potions of flight {unknown}
 C - a potion of heal wounds {unknown}
 E - a potion of lignification {unknown}
Books
 F - a Necronomicon

   Spells                             Type                      Level
   a - Haunt                          Necromancy/Summoning         7
   b - Borgnjor's Revivification      Necromancy                   8
   c - Death's Door                   Charms/Necromancy            8
   d - Necromutation                  Transmutation/Necromancy     8
   Trog disapproves of the use of such an item.
Comestibles
 f - 2 bread rations
 i - 3 slices of pizza
 u - 2 meat rations
 z - a beef jerky
 L - 10 chunks of flesh


   Skills:
 + Level 4.4 Fighting
 + Level 3.7 Maces & Flails
 - Level 3.2 Armour
 * Level 4.4 Shields


You had 4 spell levels left.
You didn't know any spells.

Dungeon Overview and Level Annotations

Branches:
Dungeon (4/15)
 Temple: D:4-7

Altars:
Cheibriados
Dithmenos
Nemelex Xobeh
Trog
Zin

Shops:
D:2 *


Innate Abilities, Weirdness & Mutations

You are resistant to torment.
Your stone body is resilient (AC +4).
You are immune to poison.
You resist negative energy.
You are resistant to electric shocks.
You can survive without breathing.
You are immune to petrification.
You are immune to rotting.


Message History

You block the decayed bog body's attack.
The decayed bog body closely misses you.
Your unstable footing causes you to fumble your attack.
The decayed bog body closely misses you.
The decayed bog body touches you but does no damage.
The mummy splashes around in the water.
A centaur zombie comes into view.
Your unstable footing causes you to fumble your attack.
The decayed bog body hits you!
* * * LOW HITPOINT WARNING * * *
The decayed bog body touches you but does no damage.
Your unstable footing causes you to fumble your attack.
You block the decayed bog body's attack.
The decayed bog body barely misses you. You block the mummy's attack.
Your unstable footing causes you to fumble your attack.
You block the decayed bog body's attack. x2
You barely miss the mummy.
The mummy is moderately damaged.
The mummy hits you.
You die...

### ≈#
#≈# #≈≈ #
#≈≈
#P≈P#.#P#
≈.≈≈≈≈#≈#
≈≈≈.Z≈n.+
#####@#
#...#M+
#.∩.'≈#
#∩..#.+
#####.#
'.+ #.#
#.+ +.#


You could see a decayed bog body, a mummy and a centaur zombie.

Vanquished Creatures
  Ijyb (D:4)
  3 adders (D:2)
  An ooze (D:2)
  An adder skeleton (D:4)
  2 worms (D:3)
  2 dart slugs
  4 giant geckos
  7 giant cockroaches
  21 goblins
  5 hobgoblins
  2 jackals (D:4)
  A quokka (D:4)
  A ball python (D:2)
  10 bats
  5 giant newts
  8 kobolds
  8 rats
82 creatures vanquished.

Notes
Turn   | Place    | Note
--------------------------------------------------------------
     0 | D:1      | go0n the Gargoyle Fighter began the quest for the Orb.
     0 | D:1      | Reached XP level 1. HP: 14/14 MP: 1/1
   100 | D:1      | Reached XP level 2. HP: 19/19 MP: 2/2
   417 | D:1      | Reached XP level 3. HP: 17/24 MP: 3/3
  1033 | D:2      | Found Zin's Purification Station.
  1044 | D:2      | Found a glowing silver altar of Zin.
  1115 | D:2      | Found a sparkling altar of Nemelex Xobeh.
  1349 | D:2      | Reached XP level 4. HP: 29/29 MP: 4/4
  2354 | D:4      | Reached XP level 5. HP: 33/33 MP: 5/5
  2356 | D:4      | Found a snail-covered altar of Cheibriados.
  2426 | D:4      | Found a shadowy altar of Dithmenos.
  2500 | D:4      | Found a bloodstained altar of Trog.
  2537 | D:4      | Found a sand-covered staircase.
  2543 | D:4      | Noticed Ijyb
  2562 | D:4      | Killed Ijyb
  2589 | D:4      | Became a worshipper of Trog the Wrathful
  2642 | Ossuary  | Entered an ossuary
  2661 | Ossuary  | HP: 1/34 [decayed bog body (15)]
  2664 | Ossuary  | Slain by a mummy

Skill      XL: |  1  2  3  4 |
---------------+-------------+-----
Maces & Flails | 3 |  3.7
Fighting       | 4 |  4.4
Shields        | 4 |  4.4
Armour         | |  3.2

Action                   |  1- 3 |  4- 6 || total
-------------------------+-------+-------++-------
Melee: Flail             |    28 |       ||    28
       Whip              |   181 |   210 ||   391
  Use: Scroll            |     3 |       ||     3
       Potion            |       |     1 ||     1
  Eat: Chunk             |     2 |     4 ||     6
Armor: Scale mail        |   111 |    96 ||   207
Dodge: Dodged            |    61 |    69 ||   130
Block: Shield            |   113 |   108 ||   221
